 Dungeon Crawl Stone Soup version 0.29.1-4-g47bece8355 (webtiles) character file.

Game seed: 4120438991365934925

49 DildoBatman the Conjurer (level 4, 0/32 HPs)
             Began as a Formicid Conjurer on Dec 6, 2022.
             Slain by an iguana (5 damage)
             ... on level 4 of the Dungeon.
             The game lasted 00:04:04 (1745 turns).

DildoBatman the Conjurer (Formicid Conjurer)        Turns: 1745, Time: 00:04:05

Health: 0/32       AC:  2    Str: 12    XL:     4   Next: 1%
Magic:  7/8        EV: 12    Int: 19    God:
Gold:   131        SH:  0    Dex: 12    Spells: 5/8 levels left

rFire   . . .      SeeInvis +   a - +0 sling
rCold   . . .      Faith    .   (no shield)
rNeg    . . .      Spirit   .   r - +0 robe
rPois   .          Reflect  .   (helmet unavailable)
rElec   .          Harm     .   (no cloak)
rCorr   .          Rampage  .   (no gloves)
Will    .....                   (no boots)
Stlth   ++........              (no amulet)
HPRegen 0.10/turn               (no ring)
MPRegen 0.11/turn               (no ring)

@: no status effects
A: permanent stasis, dig shafts and tunnels, antennae 3, four strong arms
a: Dig, Shaft Self


You were on level 4 of the Dungeon.
You visited 1 branch of the dungeon, and saw 4 of its levels.

You collected 131 gold pieces.

Inventory:

Hand Weapons
 a - a +0 sling (weapon)
 b - a +0 short sword of speed
 d - a +0 short sword
Missiles
 e - 16 stones
 f - a throwing net
Armour
 r - a +0 robe (worn)
Scrolls
 g - 2 scrolls of poison {unknown}
 i - a scroll of silence {unknown}
 j - a scroll of vulnerability {unknown}
 k - a scroll of identify {unknown}
 l - a scroll of torment {unknown}
 n - a scroll of amnesia {unknown}
 o - a scroll of noise {unknown}
 q - a scroll of teleportation {unknown}
Potions
 c - a potion of heal wounds {unknown}
 h - a potion of magic
 m - a potion of mutation {unknown}
 p - 2 potions of attraction {unknown}
 s - a potion of curing {unknown}


   Skills:
 * Level 1.4 Fighting
 * Level 1.4 Armour
 - Level 2.0 Dodging
 - Level 2.4 Stealth
 * Level 2.7 Spellcasting
 * Level 3.9 Conjurations


You had 5 spell levels left.
You knew the following spells:

 Your Spells              Type           Power      Damage    Failure   Level
a - Searing Ray           Conj           34%        2d5       4%          2
c - Magic Dart            Conj           68%        1d6       3%          1

Your spell library contained the following spells:

 Spells                   Type           Power      Damage    Failure   Level
 Sandblast                Erth           4%         2d4       16%         1
 Dazzling Flash           Conj/Hex       20%        N/A       21%         3
 Stone Arrow              Conj/Erth      20%        3d8       21%         3
 Passwall                 Tmut/Erth      1%         N/A       24%         2
 Inner Flame              Hex/Fire       2%         N/A       43%         3
 Fulminant Prism          Conj/Hex       5%         3d7       56%         4
 Iskenderun's Mystic Bla  Conj/Tloc      10%        2d4       56%         4
 Cause Fear               Hex            1%         N/A       83%         4
 Malign Gateway           Summ/Tloc      1%         N/A       100%        7
 Discord                  Hex            1%         N/A       100%        8
 Summon Horrible Things   Summ           1%         N/A       100%        8


Dungeon Overview and Level Annotations

Branches:
Dungeon (3/15)

Altars:
Xom

Shops:
D:1 [=[[   D:2 *

Annotations:
D:2 1 runed translucent door, Crazy Yiuf
D:3 1 transporter


Innate Abilities, Weirdness & Mutations

You cannot be hasted, slowed, berserked, paralysed or teleported.
You can dig through walls and to a lower floor.
You have a pair of large antennae on your head. (SInv)
Your four strong arms can wield two-handed weapons with a shield.


Message History

r - Retreat! s - Stop attacking. g - Guard the area. f - Follow me.
Anything else - Cancel.
You shout for attention!
The orc hits you with a +0 flail. What are your orders? t - Shout!
Orders for allies: a - Attack new target. r - Retreat! s - Stop attacking. g - Guard the area. f - Follow me.
Anything else - Cancel.
You shout for attention!
The orc hits you with a +0 flail. What are your orders? t - Shout!
Orders for allies: a - Attack new target. r - Retreat! s - Stop attacking. g - Guard the area. f - Follow me.
Anything else - Cancel.
You shout for attention!
The orc barely misses you. What are your orders? t - Shout!
Orders for allies: a - Attack new target. r - Retreat! s - Stop attacking. g - Guard the area. f - Follow me.
Anything else - Cancel.
You shout for attention!
The iguana bites you! The orc barely misses you.
What are your orders? t - Shout!
Orders for allies: a - Attack new target. r - Retreat! s - Stop attacking. g - Guard the area. f - Follow me.
Anything else - Cancel.
You shout for attention!
The orc barely misses you. The iguana bites you.
You die...

#### ##...
##..#
#o@.#
#.l...#
......[.#
##.###...#
# #.###
#.# #+#


You could see an iguana and an orc.

Vanquished Creatures
  A worm (D:2)
  A dart slug (D:2)
  2 orcs
  4 endoplasms
  2 giant cockroaches (D:1)
  3 hobgoblins
  3 jackals (D:2)
  2 quokkas (D:1)
  3 ball pythons
  5 bats
  A frilled lizard (D:3)
  2 goblins (D:3)
  4 kobolds
  5 rats
38 creatures vanquished.

Notes
Turn   | Place    | Note
-------+----------+-------------------------------------------
     0 | D:1      | DildoBatman the Formicid Conjurer began the quest for the
                  | Orb.
     0 | D:1      | Reached XP level 1. HP: 13/13 MP: 3/3
    32 | D:1      | Found a faded altar of an unknown god.
   138 | D:1      | Found Wehoqila's Antique Armour Shop.
   200 | D:1      | Reached XP level 2. HP: 15/20 MP: 1/5
   203 | D:1      | Learned a level 2 spell: Searing Ray
   340 | D:1      | Found Henea's Antique Armour Emporium.
   408 | D:1      | Found Atudy's Armour Shop.
   415 | D:1      | Found Juovell's Jewellery Emporium.
   938 | D:2      | Reached skill level 1 in Fighting
   938 | D:2      | Reached skill level 1 in Armour
   938 | D:2      | Reached XP level 3. HP: 26/26 MP: 1/6
  1016 | D:2      | Found Yfoarph's General Store.
  1195 | D:2      | Found a runed translucent door.
  1196 | D:2      | Noticed Crazy Yiuf
  1564 | D:3      | Found a shimmering altar of Xom.
  1564 | D:3      | Found a shimmering altar of Xom.
  1564 | D:3      | Found a shimmering altar of Xom.
  1565 | D:3      | Found a shimmering altar of Xom.
  1565 | D:3      | Found a shimmering altar of Xom.
  1566 | D:3      | Found a shimmering altar of Xom.
  1647 | D:3      | Found a transporter.
  1726 | D:3      | Reached XP level 4. HP: 32/32 MP: 5/8
  1728 | D:3      | You fall into a shaft and drop 1 floor!
  1745 | D:4      | Slain by an iguana

Illustrated notes

Levels and vault maps discovered:
D:1:      kennysheep_arrival_forest, layout_basic, serial_shops, shop,
          nicolae_shop_temple_entry_statues_fountains,
          nicolae_shop_hallway_stairs, shop, basic_ecumenical_altar
D:2:      layout_rooms, serial_shops, shop, uniq_crazy_yiuf_cottage
D:3:      gammafunk_wand_slinger, layout_rooms, xom_redecorated
D:4:      layout_loops_corners, amcnicky_altar_gilded,
          chequers_serial_rivers_marsh

Skill      XL: |  1  2 |
---------------+-------+-----
Dodging        | 2 |  2.0
Fighting       | 1 |  1.4
Armour         | 1 |  1.4
Stealth        | |  2.4
Spellcasting   | |  2.7
Conjurations   | |  3.9

Action                   |  1- 3 |  4- 6 || total
-------------------------+-------+-------++-------
Melee: Short sword       |    14 |       ||    14
       Unarmed           |     7 |       ||     7
 Fire: Sling             |     9 |       ||     9
 Cast: Magic Dart        |    62 |       ||    62
       Searing Ray       |     3 |       ||     3
 Abil: Shaft Self        |       |     1 ||     1
Armor: Robe              |     5 |       ||     5
Dodge: Dodged            |    18 |     4 ||    22
